[Event "Titled Tuesday Blitz April 18 Early 2023"]
[White "Belov, Alexei"]
[Black "LeoLV10"]
[WhiteFideId "4128206"]
[WhiteElo "2486"]
[BlackElo "2384"]
[Result "0-1"]
[Round "08"]
[TimeControl "180+2"]
[Date "2023.04.18"]
[WhiteClock "0:00:44"]
[BlackClock "0:00:11"]

1. e4 c6 2. d4 d5 3. Nd2 dxe4 4. Nxe4 Nf6 5. Nxf6+ exf6 6. c3 Bd6 7. Bd3 O-O 8. Ne2 Re8 9. Qc2 h5 10. Be3 Nd7 11. O-O-O Nf8 12. c4 Rb8 13. Nc3 Bd7 14. c5 Bc7 15. d5 cxd5 16. Nxd5 Be5 17. Kb1 Rc8 18. Qb3 Be6 19. Bc4 Qa5 20. Qb5 Qxb5 21. Bxb5 Bf5+ 22. Ka1 Re6 23. Rhe1 Bc2 24. Rd2 a6 25. Rxc2 axb5 26. Rd1 h4 27. h3 Bb8 28. Nb6 Rxb6 29. cxb6 Rxc2 30. a3 Rc6 31. Rd8 Bd6 32. Ka2 Kh7 33. Kb3 Ne6 34. Rd7 Bc5 35. Rxb7 Bxe3 36. Rxf7 Bxb6 37. Kb4 Bxf2 38. Kxb5 Rb6+ 39. Kc4 Rxb2 40. Kd5 Ng5 41. Re7 Kg6 42. Re2 Rxe2 0-1


[Site "https://www.chess.com"]

[Event "Titled Tuesday Blitz April 18 Early 2023"]
[White "Jaskolka, Tomasz"]
[Black "Koridze, Lile"]
[WhiteFideId "1170791"]
[BlackFideId "13612514"]
[WhiteElo "2155"]
[BlackElo "2047"]
[Result "0-1"]
[Round "08"]
[TimeControl "180+2"]
[Date "2023.04.18"]
[WhiteClock "0:00:04"]
[BlackClock "0:00:05"]

1. d4 Nf6 2. Bf4 d5 3. e3 c5 4. c3 Nc6 5. Nd2 e6 6. Ngf3 Bd6 7. Bg3 O-O 8. Bd3 Qc7 9. dxc5 Bxg3 10. hxg3 h6 11. Qe2 a5 12. Bc2 Ne7 13. b4 b6 14. Nb3 bxc5 15. Nxc5 Nc6 16. Nd4 Ne5 17. O-O-O axb4 18. cxb4 Qa7 19. Bb3 Qa3+ 20. Kb1 Qxb4 21. Nd3 Nxd3 22. Qxd3 Ne4 23. Rc1 Nxf2 24. Qc2 Nxh1 25. Rxh1 Bd7 26. g4 Rfc8 27. Qf2 Qc3 28. g5 Qd3+ 29. Kb2 hxg5 30. g4 Qg6 31. Bc2 Rab8+ 32. Kc1 Qf6 33. Qh2 g6 34. Kd1 e5 35. Ne2 Bxg4 36. Qg2 Bxe2+ 37. Qxe2 e4 38. Rf1 Qa1+ 39. Kd2 Qc3+ 40. Kc1 Qb2+ 41. Kd1 d4 42. exd4 Qxd4+ 43. Ke1 Rc3 44. Qf2 Re3+ 45. Qe2 Rxe2+ 46. Kxe2 Qc3 47. Bxe4 Rb2+ 48. Kd1 Qd2# 0-1


[Site "https://www.chess.com"]

[Event "Titled Tuesday Blitz April 18 Early 2023"]
[White "Marcziter, Dmitrii"]
[Black "Coenen, Michael"]
[WhiteFideId "13900765"]
[BlackFideId "4697367"]
[WhiteElo "2162"]
[BlackElo "2328"]
[Result "1/2-1/2"]
[Round "08"]
[TimeControl "180+2"]
[Date "2023.04.18"]
[WhiteClock "0:00:03"]
[BlackClock "0:00:06"]

1. d4 Nf6 2. c4 g6 3. Nf3 Bg7 4. g3 O-O 5. Bg2 d5 6. cxd5 Nxd5 7. O-O Nb6 8. Qc2 Nc6 9. Rd1 Bf5 10. e4 Bg4 11. d5 Ne5 12. Nbd2 Rc8 13. h3 Bxf3 14. Nxf3 Nxf3+ 15. Bxf3 Qe8 16. Bg4 e6 17. dxe6 fxe6 18. Qb3 Kh8 19. Bxe6 Rd8 20. Bg5 Rxd1+ 21. Rxd1 h6 22. Be3 Qc6 23. Bd5 Nxd5 24. Rxd5 b6 25. Bd4 Rg8 26. Bxg7+ Rxg7 27. Qc3 Qe6 28. Kh2 Kh7 29. Qd3 Qf6 30. Qd2 Qe6 31. e5 c6 32. Rd6 Qxe5 33. Rxc6 Qe4 34. Rc3 Qe6 35. a3 Qf5 36. Kg1 Re7 37. Kh2 Rd7 38. Qe2 Rf7 39. Kg1 Qxh3 40. Rf3 Rg7 41. Qe4 Qd7 42. Rd3 Qf7 43. Kg2 Qf6 44. Rc3 Re7 45. Qf3 Qe6 46. Re3 Qd7 47. Rd3 Qe8 48. Rd6 Rf7 49. Qd3 Qa8+ 50. Qd5 Qxd5+ 51. Rxd5 Kg7 52. Rd6 Rc7 53. Rd2 h5 54. f4 Kf6 55. Kf3 Kg7 56. Re2 Kf6 57. Rd2 Rc6 58. Re2 Rd6 59. Rc2 Rd3+ 60. Kf2 Rb3 61. Rd2 Kf5 62. Rc2 Kg4 63. Rc6 Rxb2+ 64. Ke3 Rb3+ 65. Ke4 Kxg3 66. Rxg6+ Kh4 67. a4 Rb4+ 68. Ke5 Rxa4 69. f5 Ra1 70. Rg7 Re1+ 71. Kd6 Rf1 72. Ke6 a5 73. Rb7 Kg3 74. Rxb6 h4 75. Ra6 Re1+ 76. Kf7 Re5 77. f6 h3 78. Re6 Rxe6 79. Kxe6 h2 80. f7 h1=Q 81. f8=Q Qe4+ 82. Kd7 Qd5+ 83. Kc7 a4 84. Qg7+ Kf3 85. Qc3+ Ke4 86. Qc2+ Ke5 87. Qxa4 Qd6+ 88. Kb7 Qe7+ 89. Kb6 Qd8+ 90. Kb5 Qd7+ 91. Kb4 Qd4+ 92. Kb3 Qd1+ 93. Kb4 Qd2+ 94. Kb5 Kd6 95. Qb4+ Qxb4+ 96. Kxb4 1/2-1/2


[Site "https://www.chess.com"]

[Event "Titled Tuesday Blitz April 18 Early 2023"]
[White "Kula, Robert"]
[Black "Chernov, Mikhail"]
[WhiteFideId "1101218"]
[BlackFideId "24143170"]
[WhiteElo "2180"]
[BlackElo "2113"]
[Result "0-1"]
[Round "08"]
[TimeControl "180+2"]
[Date "2023.04.18"]
[WhiteClock "0:01:47"]
[BlackClock "0:01:30"]

1. d4 d5 2. c4 Nc6 3. Nc3 Nf6 4. cxd5 Nxd5 5. e4 Nxc3 6. bxc3 e5 7. d5 Nb8 8. Nf3 Bc5 9. Bb5+ Bd7 10. Bxd7+ Nxd7 11. Rb1 O-O 12. O-O b6 13. Qa4 Qe7 14. Re1 f5 15. exf5 Rxf5 16. Be3 Raf8 17. Qxa7 Qd6 18. c4 Bxe3 19. Rxe3 Rxf3 20. Rxf3 Rxf3 21. gxf3 Qg6+ 22. Kf1 Qxb1+ 23. Kg2 Qg6+ 24. Kf1 Qd3+ 25. Kg2 Qxc4 26. Qa8+ Nf8 27. Qd8 Qxa2 28. Qxc7 Qxd5 29. Qxb6 Qe6 30. Qc5 Ng6 31. Qc7 Nf4+ 32. Kf1 Qa6+ 33. Ke1 Qe2# 0-1


[Site "https://www.chess.com"]

[Event "Titled Tuesday Blitz April 18 Early 2023"]
[White "Gonzalez Zamora, Juan Carlos"]
[Black "Shuvalov, Evgenij"]
[WhiteFideId "3507548"]
[BlackFideId "4187237"]
[WhiteElo "2535"]
[BlackElo "2080"]
[Result "1-0"]
[Round "08"]
[TimeControl "180+2"]
[Date "2023.04.18"]
[WhiteClock "0:00:27"]
[BlackClock "0:00:03"]

1. e4 e6 2. d4 d5 3. Nd2 c5 4. Ngf3 cxd4 5. Nxd4 Nf6 6. exd5 Nxd5 7. N2f3 Be7 8. c4 Nf6 9. Be3 a6 10. Bd3 e5 11. Nf5 e4 12. Nxg7+ Kf8 13. Bh6 Kg8 14. O-O Qxd3 15. Qe1 Nc6 16. Rd1 Qxc4 17. Rc1 Qd5 18. Rd1 Qa5 19. b4 Bxb4 20. Qe3 exf3 21. Ne8 Qf5 22. Nxf6+ Qxf6 23. Qe8+ Bf8 24. Qxf8# 1-0


[Site "https://www.chess.com"]

[Event "Titled Tuesday Blitz April 18 Early 2023"]
[White "Rom, Jasper"]
[Black "Buscar, Michael"]
[WhiteFideId "2023733"]
[BlackFideId "2603616"]
[WhiteElo "2233"]
[BlackElo "2010"]
[Result "1-0"]
[Round "08"]
[TimeControl "180+2"]
[Date "2023.04.18"]
[WhiteClock "0:01:26"]
[BlackClock "0:01:25"]

1. e4 c5 2. Nc3 g6 3. f4 Bg7 4. Nf3 Nc6 5. Bb5 Nd4 6. O-O Nxb5 7. Nxb5 d6 8. d3 Nf6 9. Qe1 O-O 10. Qh4 h6 11. Nc3 Ne8 12. f5 g5 13. Bxg5 hxg5 14. Nxg5 Nf6 15. Nd5 Re8 16. Rf3 Nxd5 17. Qh7+ Kf8 18. Qh5 Bd4+ 19. Kh1 Kg7 20. Qxf7+ Kh6 21. Qg6# 1-0


[Site "https://www.chess.com"]

[Event "Titled Tuesday Blitz April 18 Early 2023"]
[White "Balint, Vilmos"]
[Black "Stepanencu, Nicodim-Cosmin"]
[WhiteFideId "718050"]
[BlackFideId "1256220"]
[WhiteElo "2034"]
[BlackElo "2185"]
[Result "0-1"]
[Round "08"]
[TimeControl "180+2"]
[Date "2023.04.18"]
[WhiteClock "0:00:16"]
[BlackClock "0:00:10"]

1. d4 g6 2. Bf4 Bg7 3. Nf3 d6 4. e3 Nd7 5. Be2 Ngf6 6. h3 O-O 7. O-O b6 8. Bh2 c5 9. c3 Bb7 10. Nbd2 Qc7 11. Rc1 Rac8 12. Qa4 Qb8 13. Rfd1 Qa8 14. Ne1 Rc7 15. Bf3 Ne4 16. Nxe4 Bxe4 17. Bxe4 Qxe4 18. Nf3 Rfc8 19. Qb3 cxd4 20. exd4 Nf6 21. Re1 Qd5 22. Qxd5 Nxd5 23. Re2 b5 24. Rce1 Bf6 25. a3 a5 26. Nd2 b4 27. axb4 axb4 28. c4 Nb6 29. b3 Rd7 30. Nf3 Ra7 31. g4 Kf8 32. g5 Bg7 33. Kg2 Rd8 34. c5 dxc5 35. dxc5 Nd5 36. c6 Rc8 37. Rd1 e6 38. Bd6+ Kg8 39. Rc1 Bf8 40. Bxf8 Nf4+ 41. Kf1 Nxe2 42. Kxe2 Kxf8 43. Ne5 Ra5 44. f4 Ra3 45. Rd1 Rc7 46. Rd3 Ke7 47. Ke3 Ra5 48. Ke4 Rc5 49. Rd4 Rb5 50. h4 Rb6 51. Rc4 Rb5 52. Nd3 Kd6 53. Nxb4 Rc8 54. Rd4+ Kc5 55. Nd3+ Kxc6 56. Ne5+ Kb6 57. Nc4+ Kc5 58. Nd6 Rcb8 59. Nxb5 Rxb5 60. b4+ Rxb4 61. Rxb4 Kxb4 62. Ke5 Kc4 63. Kf6 Kd5 64. Kxf7 Ke4 65. Kxe6 Kxf4 66. Kf6 Kg4 67. Kg7 Kxh4 68. Kh6 Kg4 69. Kxh7 Kxg5 70. Kg7 Kf5 71. Kf7 g5 0-1


[Site "https://www.chess.com"]

[Event "Titled Tuesday Blitz April 18 Early 2023"]
[White "Skaric, Djuro"]
[Black "HamedWafa4"]
[WhiteFideId "934569"]
[WhiteElo "2282"]
[BlackElo "2466"]
[Result "1-0"]
[Round "08"]
[TimeControl "180+2"]
[Date "2023.04.18"]
[WhiteClock "0:00:59"]
[BlackClock "0:00:20"]

1. g3 c5 2. Bg2 Nc6 3. d3 g6 4. Nc3 Bg7 5. e4 e5 6. f4 Nge7 7. Nf3 d6 8. O-O O-O 9. h3 f5 10. Ng5 h6 11. exf5 hxg5 12. fxg6 Nxg6 13. Bd5+ Kh7 14. Qh5+ Bh6 15. fxg5 Rxf1+ 16. Kxf1 Qf8+ 17. Kg2 Nd4 18. gxh6 Nxc2 19. Be4 Qf7 20. Rb1 Ne1+ 21. Kg1 Be6 22. Be3 Nc2 23. Rf1 Qe8 24. Rf6 Bf7 25. Bf2 Nd4 26. h4 Ne6 27. Qg4 Qe7 28. Nd5 Qe8 29. h5 Nf8 30. Qf5 Kxh6 31. Be3+ Kg7 32. Qg5 Nh7 33. Qh6+ Kg8 34. hxg6 Nxf6 35. Nxf6# 1-0


[Site "https://www.chess.com"]

[Event "Titled Tuesday Blitz April 18 Early 2023"]
[White "Fuzesabonyilaci"]
[Black "Bettalli, Francesco"]
[BlackFideId "2816453"]
[WhiteElo "2339"]
[BlackElo "2216"]
[Result "0-1"]
[Round "08"]
[TimeControl "180+2"]
[Date "2023.04.18"]
[WhiteClock "0:00:04"]
[BlackClock "0:00:37"]

1. e4 g6 2. d4 Bg7 3. Nc3 c6 4. Nf3 d5 5. h3 dxe4 6. Nxe4 Nd7 7. Bc4 Ngf6 8. Nxf6+ Nxf6 9. Ne5 O-O 10. O-O Nd5 11. Re1 Be6 12. Bb3 Nc7 13. c3 Bd5 14. c4 Be6 15. Bf4 Qc8 16. Qf3 f6 17. Nd3 Na6 18. Qe3 Bf7 19. Qxe7 Qf5 20. Qe4 Qxe4 21. Rxe4 f5 22. Re7 Bxd4 23. Rxb7 Rad8 24. Re1 Rfe8 25. Be5 Nc5 26. Nxc5 Bxc5 27. Kf1 Rd2 28. Bc3 Rxf2+ 29. Kg1 Rxe1+ 30. Bxe1 Rxb2+ 31. Kh2 Rb1 32. Bc3 Bd6+ 33. g3 h5 34. Rd7 Bf8 35. Rd8 c5 36. Be5 Re1 37. Bd6 Re8 38. Rd7 Re2+ 39. Kg1 Bxd6 40. Rxd6 Re3 41. Kf2 Rc3 42. Rc6 h4 43. gxh4 Rxh3 44. Rxc5 Rxh4 45. Rc7 a5 46. c5 Bxb3 47. axb3 Rb4 48. Ra7 Rxb3 49. Rxa5 Rc3 50. Ra6 Kg7 51. Rc6 Kh6 52. Rc8 Kg5 53. c6 Kf4 54. c7 Rc2+ 55. Ke1 g5 56. Kd1 Rc6 57. Ke2 g4 0-1


[Site "https://www.chess.com"]

[Event "Titled Tuesday Blitz April 18 Early 2023"]
[White "Omariev, Maksim"]
[Black "chessjazda"]
[WhiteFideId "4193423"]
[WhiteElo "2462"]
[BlackElo "2332"]
[Result "1-0"]
[Round "08"]
[TimeControl "180+2"]
[Date "2023.04.18"]
[WhiteClock "0:00:06"]
[BlackClock "0:00:02"]

1. e4 e6 2. d4 d5 3. Nc3 dxe4 4. Nxe4 Bd7 5. Bd3 Bc6 6. Qe2 Nf6 7. Nf3 Nbd7 8. Neg5 Bxf3 9. Nxf3 Be7 10. Bd2 c5 11. dxc5 Bxc5 12. O-O-O O-O 13. Kb1 Qb6 14. h4 Rfd8 15. h5 Bxf2 16. g4 Nd5 17. g5 Be3 18. g6 fxg6 19. hxg6 h6 20. Ng5 Bf4 21. Nf7 Re8 22. Rdf1 Rac8 23. Bxf4 Nc3+ 24. Kc1 Nxe2+ 25. Bxe2 e5 26. Bd2 Qc6 27. Bc3 b5 28. Bd1 a5 29. Kb1 b4 30. Bd2 Nf6 31. Nxh6+ gxh6 32. Rxh6 Rc7 33. Rfh1 Kf8 34. Rh8+ Ke7 35. g7 Rg8 36. Bg5 Kf7 37. Rxg8 Nxg8 38. Rg1 Qe6 39. Be3 Rc8 40. Bh5+ Ke7 41. Bg5+ Kd6 42. Rf1 Kc6 43. Bf7 Qd7 44. Be3 Kb7 45. c4 Qxf7 46. Rxf7+ Kc6 47. Rf8 Ne7 48. Rxc8+ Nxc8 49. g8=Q Nd6 50. Qd5+ Kd7 51. c5 1-0


[Site "https://www.chess.com"]

[Event "Titled Tuesday Blitz April 18 Early 2023"]
[White "Mikhaylova, Irina"]
[Black "Kielinkei"]
[WhiteFideId "4109040"]
[WhiteElo "1975"]
[BlackElo "2453"]
[Result "1/2-1/2"]
[Round "08"]
[TimeControl "180+2"]
[Date "2023.04.18"]
[WhiteClock "0:00:20"]
[BlackClock "0:00:04"]

1. Nf3 c5 2. c4 Nc6 3. d4 cxd4 4. Nxd4 e6 5. e3 Nf6 6. Be2 Be7 7. O-O O-O 8. Nc3 d5 9. cxd5 Nxd5 10. Nxd5 Qxd5 11. Bf3 Qd6 12. Nxc6 bxc6 13. Qxd6 Bxd6 14. Bxc6 Rb8 15. b3 Be5 16. Rb1 Ba6 17. Rd1 Rbc8 18. Be4 f5 19. Bf3 Rc2 20. Ba3 Rfc8 21. Bd6 Bf6 22. a3 g5 23. h3 Kf7 24. Bb4 R8c7 25. Rd2 Rxd2 26. Bxd2 Rc2 27. Bb4 Bc3 28. Bd1 Rb2 29. Rxb2 Bxb2 30. Bc2 Kf6 31. a4 Ke5 32. Bd2 Kd5 33. f3 h5 34. Kf2 h4 35. Bd1 Kc5 36. Be2 Bb7 37. Bc4 Bc8 38. e4 Bf6 39. Be3+ Bd4 40. Ke2 Bxe3 41. Kxe3 Bd7 42. exf5 exf5 43. f4 g4 44. hxg4 fxg4 45. Bd3 h3 46. gxh3 gxh3 47. Be4 Kb4 48. f5 Kxb3 49. f6 Be6 50. Kf4 h2 51. Kg3 Kc4 52. Kxh2 Kd4 53. Bb7 Ke5 54. f7 Bxf7 55. Kg3 Kd4 56. Kf2 Kc5 57. Ke3 Kb4 58. Kd2 Kxa4 59. Kc1 Ka3 60. Kd2 Kb2 61. Ba6 Bd5 62. Kd1 Bc6 63. Kd2 Ba4 64. Kd3 Kb3 65. Kd2 Bc6 66. Kc1 Ka2 67. Kc2 Bd5 68. Kc3 Be4 69. Kb4 Kb2 70. Ka5 Kb3 71. Bb5 Bb7 72. Ba6 Bc6 73. Bb5 Bb7 74. Ba6 Ba8 75. Bb5 Bb7 1/2-1/2


[Site "https://www.chess.com"]

[Event "Titled Tuesday Blitz April 18 Early 2023"]
[White "Golubev, Mikhail"]
[Black "Fajdetic, Hrvoje"]
[WhiteFideId "14100983"]
[BlackFideId "14501945"]
[WhiteElo "2374"]
[BlackElo "2185"]
[Result "0-1"]
[Round "08"]
[TimeControl "180+2"]
[Date "2023.04.18"]
[WhiteClock "0:00:01"]
[BlackClock "0:00:03"]

1. e4 e6 2. d4 d5 3. Nc3 dxe4 4. Nxe4 Nd7 5. Nf3 Ngf6 6. Nxf6+ Nxf6 7. c3 Be7 8. Bd3 O-O 9. O-O b6 10. Qe2 Bb7 11. Rd1 Qd5 12. Bc4 Qh5 13. Ne5 Qxe2 14. Bxe2 Rfd8 15. Bf3 Bxf3 16. Nxf3 Rd5 17. Bf4 Ne8 18. c4 Rdd8 19. Ne5 Bd6 20. Bg3 Bxe5 21. Bxe5 c6 22. Bf4 Rd7 23. Rd2 Rad8 24. Rad1 f6 25. b3 Kf7 26. h4 h5 27. f3 g6 28. Kf2 Ng7 29. g4 Rh8 30. g5 Nf5 31. gxf6 Nxh4 32. d5 exd5 33. cxd5 cxd5 34. Bg5 Nf5 35. Rxd5 Rxd5 36. Rxd5 Ke6 37. Rd2 Rc8 38. f7 Kxf7 39. Rd7+ Ke6 40. Rxa7 Rc2+ 41. Kf1 Nd4 42. Ra6 Nxf3 43. Rxb6+ Kf5 44. Bd8 Ne5 45. Rf6+ Ke4 46. a4 h4 47. Re6 Kd5 48. Re8 h3 49. Rh8 h2 50. a5 Ng4 51. a6 Ne3+ 52. Ke1 h1=Q+ 53. Rxh1 Rc1+ 54. Ke2 Rxh1 55. Kxe3 Ra1 56. b4 Rxa6 57. b5 Ra8 58. Bc7 Kc5 59. b6 Kc6 60. Kf4 Ra5 61. Kg4 Rb5 62. Kf4 Kb7 63. Kg4 Rf5 64. Kh4 Rd5 65. Kg4 Rb5 66. Kh4 Kc6 67. Kg4 Kd7 68. Kh4 Ke6 69. Kg4 Kf6 70. Bd8+ Ke6 71. Bc7 Kf7 72. Kh4 Kg7 73. Bd8 Kh6 74. Kg4 Rb4+ 75. Kg3 Kh5 76. Bc7 g5 77. Kh3 Rb3+ 78. Kg2 Kg4 79. Kh2 Kf3 80. Kh3 g4+ 81. Kh4 Rb4 82. Kg5 g3 0-1


[Site "https://www.chess.com"]

[Event "Titled Tuesday Blitz April 18 Early 2023"]
[White "Melikhov, Evgeny V."]
[Black "Smietanska, Wiktoria"]
[WhiteFideId "4122046"]
[BlackFideId "21869359"]
[WhiteElo "2158"]
[BlackElo "1995"]
[Result "1-0"]
[Round "08"]
[TimeControl "180+2"]
[Date "2023.04.18"]
[WhiteClock "0:00:23"]
[BlackClock "0:00:01"]

1. d4 Nf6 2. c4 g6 3. Nc3 Bg7 4. e4 O-O 5. Be3 d6 6. f3 e5 7. d5 Nh5 8. Qd2 f5 9. O-O-O Nf6 10. exf5 gxf5 11. Bd3 c6 12. Nge2 cxd5 13. cxd5 a6 14. h3 b5 15. g4 f4 16. Bf2 Bb7 17. Kb1 Qa5 18. Ne4 Qxd2 19. Nxf6+ Bxf6 20. Rxd2 Nd7 21. Nc3 b4 22. Ne4 Be7 23. Rc1 Rac8 24. Rdc2 Rxc2 25. Rxc2 Bxd5 26. Rc7 Be6 27. Bxa6 d5 28. Nd2 Kf7 29. Bb5 Rd8 30. Ra7 Bd6 31. Ra6 Ke7 32. Ra7 Rb8 33. Bd3 Rc8 34. Bxh7 Bc5 35. Bxc5+ Rxc5 36. Bd3 Kd6 37. h4 d4 38. Ne4+ Kd5 39. Nxc5 Nxc5 40. Kc2 b3+ 41. axb3 Kd6 42. b4 Bb3+ 43. Kd2 1-0


[Site "https://www.chess.com"]

[Event "Titled Tuesday Blitz April 18 Early 2023"]
[White "Estrada Nieto, Julian"]
[Black "Thomas, Anysia"]
[WhiteFideId "5101018"]
[BlackFideId "670472"]
[WhiteElo "2161"]
[BlackElo "2091"]
[Result "1-0"]
[Round "08"]
[TimeControl "180+2"]
[Date "2023.04.18"]
[WhiteClock "0:00:44"]
[BlackClock "0:00:02"]

1. e4 c5 2. Nf3 g6 3. c3 d5 4. e5 d4 5. Bc4 Nc6 6. O-O Bg7 7. cxd4 cxd4 8. Re1 Nh6 9. d3 O-O 10. Bf4 e6 11. h3 Nf5 12. Nbd2 Na5 13. Ne4 b6 14. Qd2 Bb7 15. Bg5 Qc8 16. Rac1 Nxc4 17. Rxc4 Qb8 18. g4 Bxe4 19. dxe4 b5 20. Rcc1 h6 21. exf5 hxg5 22. f6 Bh8 23. Qxg5 Qb7 24. Nxd4 Rfd8 25. Nc6 Rd7 26. Ne7+ Rxe7 27. fxe7 Re8 28. Red1 Rxe7 29. Rd8+ Kg7 30. Qf6+ 1-0


[Site "https://www.chess.com"]

[Event "Titled Tuesday Blitz April 18 Early 2023"]
[White "Blokhin, Sofia"]
[Black "Bas Mas, Jose Joaquin"]
[WhiteFideId "4508190"]
[BlackFideId "22219064"]
[WhiteElo "1994"]
[BlackElo "2233"]
[Result "0-1"]
[Round "08"]
[TimeControl "180+2"]
[Date "2023.04.18"]
[WhiteClock "0:00:08"]
[BlackClock "0:00:34"]

1. d4 d5 2. c4 e6 3. Nc3 Nf6 4. cxd5 exd5 5. Bf4 c6 6. e3 Nbd7 7. Bd3 Nb6 8. Nf3 Bd6 9. g3 O-O 10. Qc2 Bg4 11. Ne5 Bh5 12. h3 Rc8 13. g4 Bg6 14. Bxg6 hxg6 15. O-O-O c5 16. Kb1 cxd4 17. exd4 Ne4 18. f3 Nxc3+ 19. bxc3 Bxe5 20. Bxe5 Nc4 21. Qd3 Qa5 22. Rc1 Qb5+ 23. Kc2 Qb2+ 24. Kd1 Qxa2 25. Qe2 Qb3+ 26. Ke1 f6 27. Kf2 fxe5 28. dxe5 Qb6+ 29. Kg3 g5 30. h4 Rf4 31. hxg5 Rcf8 32. Rcf1 Ne3 33. Rf2 Nxg4 34. Rff1 Qe3 35. Qc2 Rxf3+ 36. Kxg4 R8f4+ 37. Kh5 Rxf1 38. Kg6 Qe4+ 39. Qxe4 dxe4 40. Rxf1 Rxf1 41. e6 Kf8 42. e7+ Kxe7 43. Kxg7 e3 44. g6 e2 0-1


[Site "https://www.chess.com"]

[Event "Titled Tuesday Blitz April 18 Early 2023"]
[White "Kalajzic, Ivan"]
[Black "Sargissyan, Sargis"]
[WhiteFideId "14506378"]
[BlackFideId "13303210"]
[WhiteElo "2203"]
[BlackElo "2109"]
[Result "0-1"]
[Round "08"]
[TimeControl "180+2"]
[Date "2023.04.18"]
[WhiteClock "0:00:09"]
[BlackClock "0:00:05"]

1. d4 Nf6 2. Nc3 d5 3. Bg5 h6 4. Bxf6 exf6 5. e4 dxe4 6. Nxe4 f5 7. Nc3 Bd6 8. g3 O-O 9. Bg2 f4 10. Nge2 Nc6 11. O-O Bg4 12. f3 Bh5 13. g4 Bg6 14. a3 Bh7 15. Qd2 g5 16. Rad1 Re8 17. Rfe1 Bf8 18. Ne4 Bg7 19. c3 f5 20. gxf5 Bxf5 21. Nc1 Qd7 22. Nd3 b6 23. Ndf2 Rad8 24. Kh1 Kh8 25. Qe2 h5 26. Qf1 g4 27. Ng5 Bh6 28. Nfe4 Qg7 29. h4 gxh3 30. Nxh3 Rg8 31. Re2 Qd7 32. Kh2 Rg6 33. Nhf2 Rdg8 34. Nd3 Bxe4 35. Rxe4 Rxg2+ 36. Qxg2 Rxg2+ 37. Kxg2 Ne7 38. Rh1 Nf5 39. Ne5 Qg7+ 40. Kf2 Qg3+ 41. Kf1 Ne3+ 42. Ke2 Qg2+ 43. Kd3 Qc2# 0-1


[Site "https://www.chess.com"]

[Event "Titled Tuesday Blitz April 18 Early 2023"]
[White "Orujov2008"]
[Black "babbilator"]
[WhiteElo "2433"]
[BlackElo "2278"]
[Result "1-0"]
[Round "08"]
[TimeControl "180+2"]
[Date "2023.04.18"]
[WhiteClock "0:00:35"]
[BlackClock "0:00:02"]

1. e4 c5 2. Nf3 e6 3. d4 cxd4 4. Nxd4 Nc6 5. Nc3 Qc7 6. f4 a6 7. Nxc6 bxc6 8. Bd3 d5 9. Bd2 Nf6 10. Qe2 Be7 11. O-O O-O 12. Kh1 Nd7 13. Na4 c5 14. c4 d4 15. e5 Bb7 16. Rae1 Qc6 17. b3 Rae8 18. Qf2 f5 19. Nb2 Kh8 20. Be2 Rg8 21. Bf3 Qc7 22. Bxb7 Qxb7 23. Nd3 Qc7 24. Rb1 a5 25. a3 Nb8 26. Rfc1 Nc6 27. b4 axb4 28. axb4 cxb4 29. Bxb4 Bxb4 30. Nxb4 Nxb4 31. Rxb4 Rd8 32. c5 d3 33. Qd2 Rd5 34. Rbc4 Qc6 35. h3 Rgd8 36. R4c3 h6 37. Kh2 Rd4 38. Rc4 R4d5 39. R1c3 Kh7 40. Rb4 Rxc5 41. Rxd3 Rcd5 42. Rxd5 Rxd5 43. Qf2 Rd3 44. Rb2 Qd7 45. Ra2 Rd4 46. Qg3 Rd3 47. Qh4 Rd4 48. Ra8 Rd2 49. Qg3 Qd5 50. Ra7 1-0


[Site "https://www.chess.com"]

[Event "Titled Tuesday Blitz April 18 Early 2023"]
[White "Mrudul Dehankar"]
[Black "Sailer, Mike"]
[WhiteFideId "25096990"]
[BlackFideId "2012901"]
[WhiteElo "2139"]
[BlackElo "2109"]
[Result "1-0"]
[Round "08"]
[TimeControl "180+2"]
[Date "2023.04.18"]
[WhiteClock "0:00:06"]
[BlackClock "0:00:01"]

1. e4 d5 2. exd5 Qxd5 3. Nc3 Qd6 4. Bc4 Nf6 5. Nge2 c6 6. d4 Bg4 7. O-O e6 8. f3 Bf5 9. Ng3 Bg6 10. Nce4 Qc7 11. c3 Nbd7 12. Qe2 Be7 13. Bb3 O-O 14. Bd2 a5 15. a4 h6 16. Qf2 Nb6 17. Nxf6+ Bxf6 18. Ne4 Be7 19. Rae1 Nd5 20. Ng3 Bd6 21. Kh1 Bd3 22. Rg1 Rae8 23. c4 Nf4 24. c5 Be7 25. Qe3 g5 26. Ne4 Rd8 27. g3 Bxe4 28. fxe4 Ng6 29. Bc3 Bf6 30. Bc2 Bg7 31. e5 Qd7 32. Ref1 Qd5+ 33. Be4 Qc4 34. h4 gxh4 35. gxh4 h5 36. Qg5 Qe2 37. Re1 1-0


[Site "https://www.chess.com"]

[Event "Titled Tuesday Blitz April 18 Early 2023"]
[White "Andrews, Todd"]
[Black "guillan"]
[WhiteFideId "2012456"]
[WhiteElo "2426"]
[BlackElo "2064"]
[Result "1-0"]
[Round "08"]
[TimeControl "180+2"]
[Date "2023.04.18"]
[WhiteClock "0:01:35"]
[BlackClock "0:01:05"]

1. e4 c5 2. Nf3 d6 3. d4 cxd4 4. Nxd4 Nf6 5. Nc3 a6 6. Bc4 e6 7. Bb3 Be7 8. Qe2 O-O 9. g4 Nc6 10. Be3 Qc7 11. g5 Ne8 12. O-O-O Nxd4 13. Rxd4 Bd7 14. Kb1 b5 15. h4 a5 16. a4 bxa4 17. Nxa4 d5 18. exd5 exd5 19. Rxd5 Bc6 20. Nc3 Bb4 21. g6 hxg6 22. h5 Bxc3 23. hxg6 a4 24. Rh8+ 1-0


[Site "https://www.chess.com"]

[Event "Titled Tuesday Blitz April 18 Early 2023"]
[White "Leve, Nitai"]
[Black "koncheto"]
[WhiteFideId "2006898"]
[WhiteElo "2144"]
[BlackElo "2525"]
[Result "0-1"]
[Round "08"]
[TimeControl "180+2"]
[Date "2023.04.18"]
[WhiteClock "0:00:53"]
[BlackClock "0:01:38"]

1. e4 d5 2. exd5 Qxd5 3. Nc3 Qa5 4. h3 c6 5. d4 Nf6 6. Bd3 Bf5 7. Nf3 Bg6 8. O-O e6 9. Ne5 Bd6 10. Nxg6 hxg6 11. Qf3 Nbd7 12. Bd2 Qc7 13. Rfe1 O-O 14. Ne4 Nxe4 15. Rxe4 c5 16. Rh4 cxd4 17. Rxd4 Ne5 18. Qe4 Nxd3 19. Qxd3 Rfd8 20. Bc3 Bc5 21. Rxd8+ Rxd8 22. Qe4 Rd5 23. Re1 Rf5 24. Re2 b5 25. a3 a5 26. Qa8+ Kh7 27. Qxa5 Qg3 28. Be1 Rg5 0-1


[Site "https://www.chess.com"]

[Event "Titled Tuesday Blitz April 18 Early 2023"]
[White "Milchev, Nikolay"]
[Black "Hoffmann, Asa"]
[WhiteFideId "2906090"]
[BlackFideId "2001470"]
[WhiteElo "2449"]
[BlackElo "2117"]
[Result "1-0"]
[Round "08"]
[TimeControl "180+2"]
[Date "2023.04.18"]
[WhiteClock "0:00:59"]
[BlackClock "0:00:18"]

1. Nf3 d6 2. d4 Bg4 3. c4 Nd7 4. Nc3 Ngf6 5. h3 Bxf3 6. exf3 c6 7. d5 cxd5 8. cxd5 g6 9. g3 Bg7 10. Bg2 O-O 11. O-O a6 12. f4 Rc8 13. a4 Nc5 14. Re1 Re8 15. a5 b5 16. axb6 Qxb6 17. Na4 Nxa4 18. Qxa4 Ra8 19. Ra2 Qb5 20. Be3 Nd7 21. Qxb5 axb5 22. Rea1 Rab8 23. Ra7 Nc5 24. R1a2 Na4 25. b3 Nc5 26. b4 Na4 27. Rc2 Bf6 28. Rac7 Nb2 29. Bf1 Nc4 30. Bxc4 bxc4 31. R2xc4 Rb5 32. g4 Rxd5 33. g5 Bg7 34. Rb7 Rd1+ 35. Kg2 d5 36. Rc1 Rd3 37. Rd7 d4 38. Rc4 e5 39. fxe5 Bxe5 40. Bxd4 Bxd4 41. Rdxd4 Rb3 42. Re4 Rb8 43. h4 Kg7 44. f3 Rb5 45. Kg3 Rf5 46. Rf4 Rxf4 47. Kxf4 h6 48. Ke4 Rb2 49. Kd5 hxg5 50. hxg5 Kf8 51. Kc6 Ke7 52. Rd4 Rc2+ 53. Kb6 1-0


[Site "https://www.chess.com"]

[Event "Titled Tuesday Blitz April 18 Early 2023"]
[White "Womacka, Mathias"]
[Black "Szyszylo, Rafal"]
[WhiteFideId "4611390"]
[BlackFideId "1109626"]
[WhiteElo "2377"]
[BlackElo "1951"]
[Result "1-0"]
[Round "08"]
[TimeControl "180+2"]
[Date "2023.04.18"]
[WhiteClock "0:00:05"]
[BlackClock "0:00:02"]

1. e4 g6 2. d4 d6 3. Nc3 Nf6 4. f4 Bg7 5. Nf3 O-O 6. Bd3 Na6 7. O-O c5 8. d5 Bg4 9. Bc4 Bxf3 10. Qxf3 Nb4 11. Qd1 Nd7 12. Be3 Nb6 13. Be2 c4 14. Kh1 Rc8 15. a3 Na6 16. Nb5 Nc5 17. Nxa7 Ra8 18. Nb5 Nxe4 19. c3 Rc8 20. a4 Nd7 21. a5 f5 22. Ra4 Ndc5 23. Rxc4 Qxa5 24. Nd4 Qa2 25. Rb4 Ra8 26. Bc4 Qa5 27. Rb5 Qc7 28. Qc2 Ra7 29. b4 Bxd4 30. Bxd4 Nd7 31. Bd3 Ndf6 32. Bxa7 Nxc3 33. Ra5 b6 34. Bxb6 Qxb6 35. Qxc3 Qe3 36. Qc2 Rb8 37. Raa1 Ng4 38. Rae1 1-0


[Site "https://www.chess.com"]